[Event "*** Titled Tuesday 3|2 Blitz"]
[Site "Chess.com"]
[Date "2015.01.27"]
[Round "3"]
[White "AkshatChandra"]
[Black "HansCoolNiemann"]
[Result "1-0"]
[WhiteElo "2141"]
[BlackElo "1705"]
[TimeControl "180+2"]
[EndTime "11:47:47 PST"]
[Termination "AkshatChandra won by checkmate"]

1. e4 d5 2. exd5 Qxd5 3. Nc3 Qd6 4. d4 c6 5. Nf3 Bg4 6. Be3 Nd7 7. h3 Bh5 8. g4 Bg6 9. Qd2 Ngf6 10.
O-O-O e6 11. Bf4 Qb4 12. Ne5 Nd5 13. Nxd5 Qxd2+ 14. Rxd2 exd5 15. Nxd7 Kxd7 16. h4 Bd6 17. Be3 Be4 18. Rh3 f5 19. gxf5 Bxf5 20. Rf3 g6 21. Bd3 Bxd3 22. Rxd3 Rhf8 23. Bh6 Rf5 24. Rxf5 gxf5 25. Rf3 Ke6 26. Re3+ Kf7 27. Rb3 Kg6 28. Bg5 h6 29. Bd2 b6 30. Rc3 Rc8 31. Re3 Kf6 32.
Rf3 Rh8 33. Rc3 c5 34. dxc5 Bxc5 35. Rd3 Bxf2 36. Bc3+ d4 37. Rxd4 Ke7 38. Rd2 Rg8 39.
Rxf2 Rg1+ 40. Kd2 Ke6 41. Re2+ Kf7 42. Bb4 Rg4 43. Ba3 Rxh4 44. Re7+ Kg6 45. Rxa7 Rd4+ 46.
Ke3 Rc4 47. c3 h5 48. Kf3 h4 49. Bd6 Rc6 50. Bf4 Re6 51. Ra8 Re1 52. Rh8 Rf1+ 53. Ke3 Rh1 54. Kf2 h3 55. Rh6+ Kg7 56. Rxb6 Ra1 57.
a3 Rd1 58. Rh6 Rh1 59. b4 Ra1 60. Rxh3 Rxa3 61. Rd3 Rb3 62. Kf3 Kf6 63. Be3 Ke5 64. Bd4+ Kd5 65. Re3 Kc4 66. Kf4 Rb1 67. Kxf5 Rf1+ 68.
Ke6 Rf8 69. Re5 Re8+ 70. Kd7 Rb8 71. Rc5+ Kd3 72. b5 Rb7+ 73. Kc6 Rh7 74. b6 Rh6+ 75. Kb5 Rh7 76. Rc7 Rh5+ 77. Bc5 Rh1 78. b7 Rb1+ 79. Bb4 Rxb4+ 80. cxb4 Kd4 81. b8=Q Kd5 82.
Qd8+ Ke6 83. Re7+ Kf6 84. Qf8+ Kg6 85. Rg7+ Kh6 86. Qh8# 1-0

[Event "*** Titled Tuesday 3|2 Blitz"]
[Site "Chess.com"]
[Date "2015.01.27"]
[Round "3"]
[White "megarompa"]
[Black "AnthonyWirig"]
[Result "0-1"]
[WhiteElo "2614"]
[BlackElo "2556"]
[TimeControl "180+2"]
[EndTime "11:47:48 PST"]
[Termination "AnthonyWirig won by resignation"]

1. d4 Nf6 2. Nf3 b6 3. g3 Bb7 4.
Bg2 g6 5. O-O Bg7 6. c4 O-O 7.
d5 Ne4 8. Nbd2 Nc5 9. Re1 c6 10. Nb3 cxd5 11. cxd5 Nxb3 12. Qxb3 Na6 13. Be3 Rc8 14.
Rac1 Rxc1 15. Rxc1 Qa8 16. Ng5 Rc8 17. d6 Rxc1+ 18.
Bxc1 e6 19. Bxb7 Qxb7 20. Qc4 h6 21. Nf3 Nc5 22. b4 Qe4 23. Qb5 Qb1 24. Kg2 Qxc1 25. bxc5 Qxc5 26. Qxd7 Bf8 27. Qxa7 Bxd6 28. Qa8+ Kg7 29. h4 Be7 30. Qa4 b5 31. Qd4+ Kg8 32. Qd7 Kg7 33. e3 Bf6 34. Qd3 h5 35. Nd2 Qc3 36.
Qxc3 Bxc3 37. Ne4 Bb4 38. Kf3 f5 39. Ng5 Kf6 40. Nh7+ Kg7 41. Ng5 Kf6 42. Ke2 e5 43. f3 Bc3 44. Nh7+ Kg7 45. Ng5 Kf6 46. Kd3 Be1 47. Nh7+ Kg7 48. Ng5 Kf6 49. Ke2 Bxg3 50.
Nh3 Bxh4 51. f4 e4 52. Kf1 Ke6 53. Ke2 Kd5 54. Kd1 Kc4 55. Kd2 Kb4 56. Kc2 Bf6 57.
Nf2 Ka3 58. Kb1 b4 59. Nd1 b3 60. axb3 Kxb3 61. Kc1 Bc3 62. Nf2 Be1 63. Nh3 Bh4 64.
Kd1 Kc3 65. Ke2 Kc4 66. Ng1 Kd5 67. Nh3 Ke6 68. Ng1 Kf6 69. Nh3 g5 70. fxg5+ Bxg5 71.
Kf2 Bh4+ 72. Kg2 Bg5 73. Kf2 Kg6 74. Ng1 Bh4+ 75. Kg2 Bg5 76. Kf2 h4 77. Ne2 Kh5 78. Nc3 Kg4 79. Nd5 h3 80. Nc3 Bh4+ 81. Kg1 Kf3 82. Nd5 Bf2+ 83. Kh2 Bxe3 84. Kxh3 Bg5 85. Kh2 e3 86. Nb4 e2 87. Nc2 Be3 88. Ne1+ Ke4 89. Kg2 Bd2 90. Nf3 e1=Q 91. Nxe1 Bxe1 0-1

[Event "*** Titled Tuesday 3|2 Blitz"]
[Site "Chess.com"]
[Date "2015.01.27"]
[Round "3"]
[White "Rijeka1999"]
[Black "MikePerelshteyn"]
[Result "0-1"]
[WhiteElo "2263"]
[BlackElo "2096"]
[TimeControl "180+2"]
[EndTime "11:47:51 PST"]
[Termination "MikePerelshteyn won by resignation"]

1. e4 c6 2. d4 d5 3. Nc3 dxe4 4.
Nxe4 Bf5 5. Ng3 Bg6 6. Bc4 e5 7. dxe5 Qxd1+ 8. Kxd1 Nd7 9. Bf4 O-O-O 10. Kc1 Bc5 11. Nh3 Ne7 12. Rf1 Nb6 13. Bb3 Ned5 14.
Bd2 Rhe8 15. f4 Ne3 16. Rf3 Nf5 17. Nxf5 Bxf5 18. Nf2 f6 19. g4 Be6 20. Bxe6+ Rxe6 21. Nd3 Bf8 22. f5 Ree8 23. e6 Rd4 24. Rf4 Red8 25. h3 h5 26. Rxd4 Rxd4 27. Nf4 hxg4 28. hxg4 Nd5 29. Ng6 Rxg4 30. Kb1 Bc5 31. a3 Ne7 32.
Nxe7+ Bxe7 33. Ka2 Rg2 34. Bc3 Rf2 35. Rd1 Rxf5 36. Rd7 Bc5 37. Rxg7 Rf2 38. Rf7 f5 39. Be5 f4 40. Rc7+ Kd8 41. Rxb7 Re2 42. Bf6+ Kc8 43. Rf7 Rxe6 44. Bg5 Bd6 45. Bxf4 Bxf4 46. Rxf4 Kc7 47. Rc4 Kb6 48. a4 a5 49. Ka3 Re3+ 50. c3 Re1 51. Rh4 Rg1 52. Rh5 Ra1+ 53. Kb3 Rg1 54. Rh4 Rf1 55. Kc4 Ra1 56. b3 Ra2 57. Rh8 Ra1 58.
Rb8+ Kc7 59. Ra8 Kb6 60. b4 axb4 61. cxb4 Rc1+ 62. Kb3 Rh1 63. a5+ Kb7 64. Re8 Rh4 65. Re7+ Kb8 66. a6 Ka8 67. Ka4 c5 68. Ka5 cxb4 69.
Rb7 Rg4 70. Rb5 Rh4 71. Rc5 Rg4 72. Kb6 Rg6+ 73. Ka5 b3 74. Rb5 Rg3 75. Kb6 Rg8 76. Ka5 Rb8 0-1

[Event "*** Titled Tuesday 3|2 Blitz"]
[Site "Chess.com"]
[Date "2015.01.27"]
[Round "3"]
[White "Imre91"]
[Black "diokletian"]
[Result "1/2-1/2"]
[WhiteElo "2500"]
[BlackElo "2344"]
[TimeControl "180+2"]
[EndTime "11:48:16 PST"]
[Termination "Game drawn by agreement"]

1. d4 d5 2. Nf3 Nf6 3. Bf4 c5 4.
c3 Nc6 5. e3 Qb6 6. Qc1 Bf5 7.
Nbd2 e6 8. Be2 h6 9. O-O Be7 10.
Bd1 Rc8 11. Re1 O-O 12. Nb3 cxd4 13. exd4 Nb4 14. Ne5 Nd3 15. Nxd3 Bxd3 16. Bc2 Bxc2 17. Qxc2 Bd6 18. Bxd6 Qxd6 19. Qe2 Rc7 20. Nc1 Ne4 21. Nd3 Qb6 22. h3 Rfc8 23. Ne5 Nd6 24. Rad1 Nc4 25.
Nxc4 Rxc4 26. Rd3 Qc7 27. Rg3 Qf4 28. Rf3 Qg5 29. Rg3 Qf4 30. Qh5 R8c7 31. Ree3 Kf8 32.
Rgf3 Qd6 33. Qg4 b5 34. Rxe6 Qd7 35. a3 a5 36. Ra6 Qxg4 37. hxg4 b4 38. Rxa5 bxc3 39.
bxc3 Rxc3 40. Rxc3 Rxc3 41. Rxd5 Rxa3 42. Re5 Rd3 43.
Re4 Rd1+ 44. Kh2 g6 45. Kg3 Kg7 46. Kf3 Kf6 47. Ke2 Ra1 48. Re3 Rg1 49. g3 Ra1 50.
Rc3 Ke6 51. Kd3 Rd1+ 52. Kc4 Rf1 53. Re3+ Kd6 54. Rf3 Rc1+ 55. Kd3 Ke6 56. Ke4 Re1+ 57. Re3 Rf1 58. Kf3+ Kd6 59. Rb3 Rd1 60. Ke3 Re1+ 61. Kf4 Rd1 62. Ke4 Re1+ 63. Re3 Rf1 64. f3 Rg1 65. f4 Rd1 66. f5 Rf1 67. fxg6 fxg6 68.
Rb3 Re1+ 69. Kf3 Rd1 70. Rb6+ Ke7 71. Rxg6 Rxd4 72. Rxh6 Kf7 73. Rb6 Kg7 74. Re6 Ra4 75. Re4 Ra5 76. Kf4 Rb5 77. g5 Ra5 78. Kg4 Ra1 79. Re7+ Kg6 80. Re6+ Kg7 81. Rb6 Rc1 82. Re6 Rb1 83. Re3 Ra1 84. Kf5 Rf1+ 85. Kg4 Ra1 86. Re4 Rb1 87. Kh5 Rh1+ 88. Rh4 Rg1 89. Kg4 Ra1 90.
Rh6 Rb1 91. Rd6 Ra1 92. g6 Ra5 93. Re6 Rb5 94. Kf4 Ra5 95. g4 Rb5 96. Re5 Rxe5 97. Kxe5 Kxg6 1/2-1/2

[Event "*** Titled Tuesday 3|2 Blitz"]
[Site "Chess.com"]
[Date "2015.01.27"]
[Round "3"]
[White "FlySooHigh"]
[Black "ChessWarrior7197"]
[Result "1-0"]
[WhiteElo "2387"]
[BlackElo "2152"]
[TimeControl "180+2"]
[EndTime "11:48:33 PST"]
[Termination "FlySooHigh won by resignation"]

1. e4 e5 2. Nf3 Nc6 3. Bc4 Bc5 4.
c3 Nf6 5. d3 h6 6. O-O d6 7. Bb3 O-O 8. Nbd2 Bb6 9. h3 Ne7 10. Re1 Ng6 11. Nf1 c6 12. Ng3 Be6 13. Nf5 Qc7 14. Nh2 Ne7 15. g4 d5 16. Qf3 Nxf5 17.
gxf5 dxe4 18. dxe4 Bxb3 19. axb3 Rad8 20. Kh1 Kh7 21. Ng4 Nxg4 22. hxg4 f6 23. Kg2 Qd6 24. b4 Qd3 25. Be3 Qc4 26. Rad1 Rxd1 27. Rxd1 Rd8 28. Rxd8 Bxd8 29. Bxa7 b6 30. Qd1 Qxe4+ 31. f3 Qd5 32. Qxd5 cxd5 33. b5 Kg8 34. b3 Kf7 35. c4 dxc4 36.
bxc4 Ke7 37. c5 Kd7 38. cxb6 Kc8 39. b7+ Kxb7 40. Bc5 Bb6 41. Bf8 Be3 42. Bxg7 Bg5 43. Kf2 Kb6 44. Ke2 Kxb5 45. Kd3 Kc5 46. Ke4 Kc4 47.
Bf8 Bf4 48. Be7 Bg5 49. Bd8 Kc5 50. Be7+ Kc4 51. Bf8 Bf4 52. Bg7 Bg5 53. Bh8 Kc5 54. Bg7 Kc4 55. Bf8 Bf4 56. Ba3 Bg5 57. Bd6 Bf4 58.
Bb8 Kc5 59. Ba7+ Kc4 60. Bf2 Bg5 61. Bg3 Kc5 62. Be1 Kc4 63. Bf2 Bf4 64. Bh4 Bg5 65. Bg3 Kc5 66. Bxe5 fxe5 67. Kxe5 Be7 68. Ke6 Bf8 69.
Kf7 Bd6 70. Kg7 Kd5 71. Kxh6 Ke5 72. Kg6 Be7 73. g5 Kf4 74. f6 Bd6 75. f7 Be7 76. Kh5 Kf5 77. g6 Kf6 78. Kh6 Bf8+ 79. Kh7 Bg7 80.
f4 Bf8 81. f5 Bg7 82. Kg8 Bh6 83. f8=Q+ Bxf8 84. Kxf8 Kxf5 85. g7 Kf6 86. g8=Q Kf5 87. Qf7+ Ke5 1-0

[Event "*** Titled Tuesday 3|2 Blitz"]
[Site "Chess.com"]
[Date "2015.01.27"]
[Round "3"]
[White "GeorgMeier"]
[Black "Beca95"]
[Result "1-0"]
[WhiteElo "2670"]
[BlackElo "2487"]
[TimeControl "180+2"]
[EndTime "11:49:23 PST"]
[Termination "GeorgMeier won on time"]

1. Nf3 Nf6 2. g3 g6 3. Bg2 Bg7 4. d4 O-O 5. O-O d6 6. b3 c6 7. Bb2 Bg4 8. Nbd2 Nbd7 9. Re1 Bxf3 10. Bxf3 d5 11. c4 e6 12. Qc2 Re8 13. Rad1 a6 14.
Bc3 Qc7 15. a4 Rac8 16. e3 e5 17. dxe5 Nxe5 18. Bxe5 Qxe5 19. Bg2 Rcd8 20. cxd5 Nxd5 21. Nc4 Qc3 22. Qxc3 Nxc3 23. Rxd8 Rxd8 24. a5 f5 25. Bf1 Kf7 26. f3 Bf6 27. Rc1 Nb5 28. Kf2 Ke6 29. Be2 Nc3 30. h3 Rd5 31. Rc2 Nxe2 32. Kxe2 Rb5 33. g4 Rxb3 34. f4 Rc3 35. Rxc3 Bxc3 36.
Kd3 Bb4 37. e4 Be1 38. Ke3 Bb4 39. Kf3 Bc5 40. h4 Bd4 41. h5 Bc5 42. exf5+ gxf5 43. g5 Bd4 44. h6 c5 45. Ke2 Bc3 46. Kd3 Bh8 47.
Ne3 Bd4 48. Nc4 Bh8 49. Kd2 Kd5 50. Kd3 Ke6 51. Nb6 Bb2 52. Ke3 Bc1+ 53. Kf3 Bb2 54. Nc4 Bh8 55. Ke2 Kd5 56. Kd3 Ke6 57. Ne3 Bd4 58.
Nc4 Bh8 59. Kd2 Kd5 60. Kd3 Ke6 61. Nb6 Bb2 62. Nc4 Bh8 63. Ke2 Kd5 64. Kd3 Ke6 65.
Ne3 Bd4 66. Nc4 Bh8 67. Nd2 Kd5 68. Nc4 Ke6 69. Kc2 Kd5 70. Kd3 Ke6 71. Nb6 Bb2 72.
Nc4 Bh8 73. Kd2 Kd5 74. Kd3 Ke6 75. Ne3 Bd4 76. Nc4 Bh8 77. Nd2 Kd5 78. Nc4 Ke6 79.
Ne3 Bd4 80. Nc4 Bh8 81. Ne3 Bd4 82. Nc4 Bh8 83. Ne3 Bd4 84. Nc4 Bh8 85. Ne5 Bxe5 86.
fxe5 Kf7 87. Ke3 Kf8 88. e6 c4 89. Kd4 f4 90. Kxc4 f3 91. Kd3 f2 92. Ke2 f1=Q+ 93.
Kxf1 Ke7 94. g6 1-0

[Event "*** Titled Tuesday 3|2 Blitz"]
[Site "Chess.com"]
[Date "2015.01.27"]
[Round "3"]
[White "samhawkins"]
[Black "AUSSIE_PINOY"]
[Result "1-0"]
[WhiteElo "2333"]
[BlackElo "2201"]
[TimeControl "180+2"]
[EndTime "11:49:36 PST"]
[Termination "samhawkins won by resignation"]

1. e4 c5 2. Nf3 a6 3. c3 e6 4. d4 Qc7 5. Bd3 b6 6. O-O Bb7 7. Qe2 d6 8. Nbd2 Nd7 9. Re1 Ngf6 10. e5 dxe5 11. dxe5 Nd5 12. Nf1 Be7 13. Bc2 b5 14. Ng3 g6 15. Bg5 Bxg5 16. Nxg5 Nf4 17. Qg4 Nxg2 18. Nxe6 fxe6 19. Qxe6+ Kf8 20. Ne4 Re8 21.
Qh3 Bxe4 22. Rxe4 Nxe5 23. Qxg2 Nf7 24. Rae1 Rxe4 25. Qxe4 Kg7 26. Qe6 Rd8 27. Re2 a5 28. a4 Rd6 29. Qe3 bxa4 30. Bxa4 c4 31. Be8 Rf6 32.
Bxf7 Rxf7 33. Qe8 Qd7 34. Qe5+ Kg8 35. Qb8+ Kg7 36. Qe5+ Kg8 37. Qe8+ Qxe8 38. Rxe8+ Kg7 39. Ra8 Rf5 40. Rb8 Rc5 41. Kg2 h5 42. Kf3 Kf6 43. Ke4 Rf5 44. f4 Rc5 45. Rb6+ Kg7 46. Ra6 Kf7 47. h3 Kg7 48. Rb6 Kf7 49. Kd4 Rf5 50.
Ke4 Rc5 51. Rd6 Kg7 52. Rd5 Rxd5 53. Kxd5 Kf6 54. Kxc4 Kf5 55. Kb5 Kxf4 56. c4 g5 57. c5 g4 58. hxg4 hxg4 59. c6 g3 60. c7 g2 61. c8=Q g1=Q 62. Qc4+ Kf3 63. Qc3+ Ke4 64. Kxa5 Qa7+ 65. Kb4 Qb6+ 66. Ka3 Qa6+ 67. Kb3 Qh6 68. Qc4+ Ke5 69. Qc5+ Ke4 70. Qc2+ Ke5 71. Ka2 Qa6+ 72.
Kb3 Qb5+ 73. Ka3 Qa6+ 74. Qa4 Qd3+ 75. b3 Qb1 76. Qb5+ Kd6 77. Qc4 Kd7 78. b4 Qa1+ 79. Kb3 Qd1+ 80. Ka3 Qa1+ 81. Kb3 Qd1+ 82. Kb2 Qd2+ 83.
Ka3 Qd1 84. b5 Qa1+ 85. Kb4 Qe1+ 86. Kc5 Qf2+ 87. Kb4 Qd2+ 88. Ka4 Qd1+ 89. Ka5 Qa1+ 90. Kb6 Qg1+ 91. Ka6 Qa1+ 92. Kb7 Qb1 93. Qc6+ Kd8 94.
b6 Qa1 95. Qc7+ Ke8 96. Kb8 Qa6 97. Qc8+ Qxc8+ 98. Kxc8 Ke7 99. b7 1-0

[Event "*** Titled Tuesday 3|2 Blitz"]
[Site "Chess.com"]
[Date "2015.01.27"]
[Round "4"]
[White "gumersindo"]
[Black "samhawkins"]
[Result "1-0"]
[WhiteElo "2120"]
[BlackElo "2310"]
[TimeControl "180+2"]
[EndTime "11:53:31 PST"]
[Termination "gumersindo won by resignation"]

1. d4 d5 2. c4 c6 3. Nf3 Nf6 4.
Nc3 dxc4 5. a4 Bf5 6. Ne5 e6 7. f3 Bb4 8. e4 Bxe4 9. fxe4 Nxe4 10. Qf3 Ng5 11. Bxg5 Qxg5 12. Qxf7+ Kd8 13. Qf3 Rf8 14. Qg3 Qf5 15. O-O-O Nd7 16. Nxd7 Kxd7 17. Bxc4 Bd6 18. Qd3 Qg5+ 19. Kb1 Rf2 20. Ne4 1-0

[Event "*** Titled Tuesday 3|2 Blitz"]
[Site "Chess.com"]
[Date "2015.01.27"]
[Round "4"]
[White "petrpalachev"]
[Black "Max_Schachmann"]
[Result "1-0"]
[WhiteElo "2417"]
[BlackElo "2398"]
[TimeControl "180+2"]
[EndTime "11:54:46 PST"]
[Termination "petrpalachev won by resignation"]

1. d4 Nf6 2. c4 e6 3. Nf3 d5 4.
Nc3 c6 5. Bg5 dxc4 6. e4 h6 7.
Bh4 b5 8. e5 g5 9. Nxg5 hxg5 10.
Bxg5 Nbd7 11. exf6 Qb6 12. g3 Bb7 13. Bg2 c5 14. d5 O-O-O 15. O-O b4 16. Rb1 Qa6 17. dxe6 Bxg2 18. e7 Bxf1 19. exd8=Q+ Kxd8 20. Kxf1 bxc3 21. bxc3 Qc6 22. Rb8+ 1-0

[Event "*** Titled Tuesday 3|2 Blitz"]
[Site "Chess.com"]
[Date "2015.01.27"]
[Round "4"]
[White "alturas_pacificas"]
[Black "jbj"]
[Result "0-1"]
[WhiteElo "2110"]
[BlackElo "2232"]
[TimeControl "180+2"]
[EndTime "11:55:09 PST"]
[Termination "jbj won by resignation"]

1. d4 Nf6 2. Bf4 e6 3. e3 c5 4. c3 cxd4 5. cxd4 b6 6. Nc3 Bb7 7. Nf3 Be7 8. Be2 O-O 9. O-O d6 10. h3 Nbd7 11. Rc1 a6 12. a3 Re8 13. b4 Ne4 14.
Nxe4 Bxe4 15. Nd2 Bb7 16. Bf3 Qb8 17. Bxb7 Qxb7 18. Qf3 Qxf3 19. Nxf3 Rac8 20. Rfd1 h6 21. Kf1 g5 22. Bg3 f5 23. Ke2 Kf7 24. Kd3 b5 25. h4 Nb6 26. hxg5 hxg5 27. Nd2 Na4 28. Nb1 Nb2+ 29. Kd2 Nxd1 30. Rxd1 Rc4 31. Rc1 Rxc1 32. Kxc1 Rc8+ 33. Kb2 Rc4 34. Nd2 Rc8 35. Nb3 Ke8 36. Na5 Kd7 37. f3 Bf6 38. Nb7 f4 39. Bf2 Rc7 40. Na5 e5 41. dxe5 Bxe5+ 42. Kb1 Rc3 43. exf4 gxf4 0-1

[Event "*** Titled Tuesday 3|2 Blitz"]
[Site "Chess.com"]
[Date "2015.01.27"]
[Round "4"]
[White "Dlugy"]
[Black "Kacparov"]
[Result "0-1"]
[WhiteElo "2543"]
[BlackElo "2381"]
[TimeControl "180+2"]
[EndTime "11:55:32 PST"]
[Termination "Kacparov won by checkmate"]

1. d4 d5 2. c4 e6 3. Nf3 c6 4.
Qc2 dxc4 5. Qxc4 b5 6. Qd3 Bb7 7. e4 a6 8. Bg5 Nf6 9. e5 h6 10. Bd2 Nd5 11. Be2 c5 12. O-O Nc6 13. dxc5 Bxc5 14.
Qe4 Qb6 15. a4 Nd4 16. Nxd4 Bxd4 17. Bf3 Bxb2 18. Ra2 Qd4 19. axb5 axb5 20. Rxa8+ Bxa8 21. Qc2 O-O 22. Re1 Nb4 23. Qb3 Bxf3 24. Bxb4 Bd5 25. Qc2 Qxb4 26. Re2 Bd4 27. h4 Qb3 28. Qc1 Qg3 29.
Qf1 Qxh4 30. Nd2 Qg4 31. Qe1 Qxg2# 0-1

[Event "*** Titled Tuesday 3|2 Blitz"]
[Site "Chess.com"]
[Date "2015.01.27"]
[Round "4"]
[White "GulamaliRises"]
[Black "KingOfConvenience"]
[Result "1-0"]
[WhiteElo "2342"]
[BlackElo "2327"]
[TimeControl "180+2"]
[EndTime "11:56:02 PST"]
[Termination "GulamaliRises won by checkmate"]

1. e4 c5 2. Nf3 a6 3. c4 Nc6 4.
d4 cxd4 5. Nxd4 e5 6. Nc2 Bc5 7. Be3 d6 8. Nc3 Nf6 9. Be2 O-O 10. O-O Be6 11. Qd2 Nd7 12. Rfd1 Kh8 13. Rac1 Rc8 14.
Nd5 Re8 15. Bg5 f6 16. Bh4 Nf8 17. Kh1 Ng6 18. Bg3 Nd4 19. Bh5 Bxd5 20. cxd5 Nxc2 21. Rxc2 Bd4 22. Rdc1 Rxc2 23. Qxc2 Qb6 24. b3 Rf8 25.
Bg4 Nf4 26. Qc8 Kg8 27. Be6+ Nxe6 28. Qxe6+ Kh8 29. Rc8 Rd8 30. Qd7 Rg8 31. Rxg8+ Kxg8 32. Qe8# 1-0

[Event "*** Titled Tuesday 3|2 Blitz"]
[Site "Chess.com"]
[Date "2015.01.27"]
[Round "4"]
[White "chesstatour"]
[Black "Imre91"]
[Result "0-1"]
[WhiteElo "1889"]
[BlackElo "2500"]
[TimeControl "180+2"]
[EndTime "11:56:14 PST"]
[Termination "Imre91 won by resignation"]

1. c4 Nf6 2. Nc3 d5 3. cxd5 Nxd5 4. e4 Nb6 5. d4 g6 6. Be3 Bg7 7. Nf3 O-O 8. Be2 Bg4 9. O-O Bxf3 10. Bxf3 Nc4 11.
Bc1 Qxd4 12. Qb3 Nb6 13. Be3 Qc4 14. Bxb6 Qxb3 15. axb3 cxb6 16. Nd5 Nc6 17. b4 e6 18. Nc7 Rac8 19. b5 Rxc7 20. bxc6 bxc6 21. Ra2 c5 22. Rc1 a5 23. b3 Rd8 24. Kf1 Rcd7 25. Ke2 Rd3 26. Rb1 Bc3 27. Rc1 Bb4 28. Rb1 Rc3 29.
Kf1 Rd4 30. Rab2 Kg7 31. Rd1 Kf6 32. Rxd4 cxd4 33. e5+ Kxe5 34. Bc6 Kd6 35. Bb5 f5 36. Ke2 e5 37. f3 e4 38. fxe4 fxe4 39. g3 d3+ 40.
Ke3 Ke5 0-1

[Event "*** Titled Tuesday 3|2 Blitz"]
[Site "Chess.com"]
[Date "2015.01.27"]
[Round "4"]
[White "Tomsel"]
[Black "VovAn1991"]
[Result "0-1"]
[WhiteElo "2295"]
[BlackElo "2463"]
[TimeControl "180+2"]
[EndTime "11:56:17 PST"]
[Termination "VovAn1991 won by resignation"]

1. d4 Nf6 2. Bf4 g6 3. Nc3 d5 4. Qd2 Bf5 5. O-O-O h6 6. f3 Bg7 7. g4 Be6 8. h4 Nc6 9. Nh3 Nd7 10.
Be3 Nb6 11. b3 Qd6 12. Nb5 Qd7 13. Nf4 O-O-O 14. Nxe6 fxe6 15. Bf4 e5 16. dxe5 Nxe5 17. Qa5 a6 18. Nc3 Rhf8 19. Bg3 Nc6 20. Qc5 Qe6 21. e4 d4 22. Nd5 Nxd5 23. exd5 Rxd5 24. Bc4 Qe3+ 0-1

[Event "*** Titled Tuesday 3|2 Blitz"]
[Site "Chess.com"]
[Date "2015.01.27"]
[Round "4"]
[White "lestri"]
[Black "TomsKantans"]
[Result "1-0"]
[WhiteElo "2249"]
[BlackElo "2220"]
[TimeControl "180+2"]
[EndTime "11:56:25 PST"]
[Termination "lestri won by resignation"]

1. c4 Nf6 2. Nc3 d5 3. cxd5 Nxd5 4. d4 g6 5. Bd2 Nb6 6. e4 Qxd4 7. Qc2 c6 8. Rd1 Qd8 9. Bf4 N8d7 10. Nb5 e5 11. Bxe5 Bb4+ 12. Bc3 Bxc3+ 13. Nxc3 O-O 14. Nf3 Qe7 15.
Be2 Ne5 16. Nxe5 Qxe5 17. O-O Be6 18. f4 Qc5+ 19. Kh1 Rad8 20. Qc1 Bc4 21. Bxc4 Nxc4 22. Rfe1 Qf2 23. b3 Rxd1 24. Qxd1 Nb2 25. Qe2 Qxe2 26. Rxe2 Nd3 27. g3 Rd8 28. Rd2 Rd7 29. e5 Kf8 30. Ne4 Nxe5 31. fxe5 1-0

[Event "*** Titled Tuesday 3|2 Blitz"]
[Site "Chess.com"]
[Date "2015.01.27"]
[Round "4"]
[White "quitforever"]
[Black "Malev212"]
[Result "1-0"]
[WhiteElo "2222"]
[BlackElo "1957"]
[TimeControl "180+2"]
[EndTime "11:57:02 PST"]
[Termination "quitforever won by resignation"]

1. d4 Nf6 2. c4 e6 3. Nf3 d5 4. g3 Bb4+ 5. Nbd2 O-O 6. Bg2 c5 7. cxd5 exd5 8. O-O Nc6 9. dxc5 Bxc5 10. Nb3 Bb6 11. Nfd4 Re8 12. Re1 Ne4 13. Be3 Ne5 14. Nc2 Bf5 15. Bxb6 Qxb6 16. Ne3 Bg6 17. Qd4 Qxd4 18.
Nxd4 Rad8 19. Rad1 Nc6 20. b3 h5 21. Nxc6 bxc6 22.
Rc1 d4 23. Nc4 c5 24. h4 Nc3 25. e3 d3 26. Rxc3 d2 27. Rd1 1-0

[Event "*** Titled Tuesday 3|2 Blitz"]
[Site "Chess.com"]
[Date "2015.01.27"]
[Round "4"]
[White "jcibarra"]
[Black "Konavets"]
[Result "1-0"]
[WhiteElo "2445"]
[BlackElo "2290"]
[TimeControl "180+2"]
[EndTime "11:57:11 PST"]
[Termination "jcibarra won by resignation"]

1. e4 c5 2. Nf3 d6 3. d4 cxd4 4.
Nxd4 Nf6 5. Nc3 g6 6. Be3 Bg7 7. f3 O-O 8. Qd2 Nc6 9. O-O-O d5 10. Kb1 Rb8 11. Ndb5 a6 12. Na7 e6 13. g4 Re8 14. h4 Nd7 15. h5 d4 16. hxg6 dxe3 17. gxf7+ Kxf7 18. Qxe3 Nxa7 19. Qxa7 h6 20. e5 Qa5 21. f4 Qb4 22. a3 Qxf4 23. Bb5 axb5 24. Rhf1 Bxe5 25. Rxf4+ Bxf4 26. Nxb5 Nf6 27. Rf1 Bg3 28.
Qe3 Bh4 29. Qxh6 Bd7 30. Nd6+ Ke7 31. Nxe8 Rxe8 32. Qxh4 Rf8 33. g5 Nd5 34. g6+ 1-0

[Event "*** Titled Tuesday 3|2 Blitz"]
[Site "Chess.com"]
[Date "2015.01.27"]
[Round "4"]
[White "ChessWarrior7197"]
[Black "tac49"]
[Result "0-1"]
[WhiteElo "2145"]
[BlackElo "2196"]
[TimeControl "180+2"]
[EndTime "11:57:25 PST"]
[Termination "tac49 won by resignation"]

1. Nf3 d5 2. g3 Bg4 3. Bg2 Nd7 4.
O-O e6 5. d4 c6 6. b3 Ngf6 7. Nbd2 Be7 8. Bb2 O-O 9. c4 a5 10. a4 h6 11. Re1 Re8 12. Ne5 Nxe5 13. dxe5 Nd7 14. Qc2 Nc5 15. Rad1 Bf5 16. e4 Bg6 17.
Qc3 d4 18. Qxd4 Nd3 19. Rf1 Bc5 20. Qxd8 Raxd8 21. Bc3 Bh5 22. Bf3 Nxf2 23. Rxf2 Bxf3 24. Rf1 Be2 25. Kg2 Bxf1+ 26. Rxf1 Rd3 27. Nb1 Bb4 28.
Bxb4 axb4 29. Rf3 Red8 30. Kf2 Rd1 0-1

[Event "*** Titled Tuesday 3|2 Blitz"]
[Site "Chess.com"]
[Date "2015.01.27"]
[Round "4"]
[White "AUSSIE_PINOY"]
[Black "Rijeka1999"]
[Result "0-1"]
[WhiteElo "2194"]
[BlackElo "2270"]
[TimeControl "180+2"]
[EndTime "11:57:47 PST"]
[Termination "Rijeka1999 won by resignation"]

1. d4 d5 2. Nf3 Nf6 3. c4 c6 4.
Nc3 a6 5. c5 Bf5 6. Nh4 Be4 7.
f3 Bg6 8. Nxg6 hxg6 9. g3 Nbd7 10. Bg2 e5 11. e3 Be7 12. O-O O-O 13. Rb1 Re8 14. b4 Nh7 15. a4 Bf6 16. Ne2 Qe7 17. Rf2 Nhf8 18. b5 axb5 19. axb5 exd4 20. exd4 Ra2 21.
Bf1 Ne6 22. bxc6 bxc6 23. Qb3 Raa8 24. Qd3 Reb8 25. Bd2 Rxb1 26. Qxb1 Nxd4 27. Qb7 Rb8 28. Qa6 Nxc5 29. Qa3 Rb3 30. Qa8+ Kh7 31. Kg2 Nxf3 32. Rxf3 Qe4 33. Ng1 Rb2 34. Qc8 Rxd2+ 35. Kh1 Ne6 36. h4 Nd4 37. Bg2 Rxg2 38. Kxg2 Nxf3 39. Nxf3 Qe2+ 0-1

[Event "*** Titled Tuesday 3|2 Blitz"]
[Site "Chess.com"]
[Date "2015.01.27"]
[Round "4"]
[White "silverback96"]
[Black "megarompa"]
[Result "0-1"]
[WhiteElo "2024"]
[BlackElo "2617"]
[TimeControl "180+2"]
[EndTime "11:57:56 PST"]
[Termination "megarompa won by resignation"]

1. d4 d5 2. c4 e6 3. Nf3 Nf6 4. g3 Bb4+ 5. Bd2 Be7 6. Bg2 O-O 7.
O-O c6 8. Qc2 Ne4 9. Nc3 f5 10.
Nxe4 dxe4 11. Ne5 Qxd4 12. Bc3 Qb6 13. b4 Bf6 14. c5 Qc7 15. Nc4 Nd7 16. Bxf6 Nxf6 17.
Nd6 b6 18. Rfd1 bxc5 19. bxc5 Nd5 20. Rac1 Ba6 21. Rd2 Rab8 22. f3 exf3 23. Bxf3 Qa5 24. Bxd5 exd5 25. Rd4 Qa3 26. Kf2 f4 27. Rxf4 Rxf4+ 28. gxf4 Rb2 29. Rb1 Rxb1 30. Qxb1 Qxc5+ 31. e3 Qxd6 32. Qb3 Bc4 33. Qa4 h6 34. Qxa7 Qg6 35. Qb8+ Kh7 36. a4 Qc2+ 37. Kg3 Qxa4 38. Qe5 Qc2 39. Qe6 Qg6+ 40. Qxg6+ Kxg6 41. Kg4 Kf6 42. h4 Be2+ 43. Kg3 h5 44. Kf2 Bd3 45. Ke1 Be4 46. Kd2 Kf5 47. Kc3 c5 48. Kb3 Kg4 49. Kc3 Kxh4 0-1

[Event "*** Titled Tuesday 3|2 Blitz"]
[Site "Chess.com"]
[Date "2015.01.27"]
[Round "4"]
[White "oggy1984"]
[Black "Danirod"]
[Result "0-1"]
[WhiteElo "2185"]
[BlackElo "2323"]
[TimeControl "180+2"]
[EndTime "11:58:12 PST"]
[Termination "Danirod won by checkmate"]

1. e4 c5 2. Nf3 g6 3. d4 cxd4 4.
Nxd4 Bg7 5. c4 Nc6 6. Be3 Qb6 7.
Nb3 Qc7 8. Nc3 Nf6 9. f3 d6 10. Rc1 O-O 11. Nd5 Qd8 12. Be2 Be6 13. O-O Rc8 14.
Qd2 b6 15. Nd4 Nxd4 16. Bxd4 Bxd5 17. cxd5 Nd7 18. b4 Bxd4+ 19. Qxd4 a5 20. a3 axb4 21.
axb4 Rxc1 22. Rxc1 Qb8 23. Rc6 Ne5 24. Rc3 Qa7 25. f4 Qa1+ 26. Kf2 Nd7 27. Qc4 Nf6 28. Bf3 Ra8 29. e5 Ra2+ 30. Kg3 Qe1+ 31. Kh3 dxe5 32. fxe5 Qxe5 33. Qxa2 Qxc3 34. b5 Qc5 35. Qa6 Kg7 36. Kg3 Qd6+ 37. Kh3 h5 38. g3 g5 39. g4 hxg4+ 40.
Bxg4 Qxd5 41. Qxb6 Qd3+ 42. Kg2 Nxg4 43. Qc6 Ne3+ 44.
Kf3 Nd5+ 45. Kg2 Nf4+ 46. Kf2 f5 47. Kg1 Qd1+ 48. Kf2 Qe2+ 49. Kg1 Qe1# 0-1

[Event "*** Titled Tuesday 3|2 Blitz"]
[Site "Chess.com"]
[Date "2015.01.27"]
[Round "4"]
[White "kleber2007"]
[Black "andryusha"]
[Result "1-0"]
[WhiteElo "2142"]
[BlackElo "2035"]
[TimeControl "180+2"]
[EndTime "11:58:14 PST"]
[Termination "kleber2007 won on time"]

1. d4 Nf6 2. Nf3 e6 3. Bg5 c5 4. e3 Nc6 5. Nbd2 b6 6. c3 Bb7 7. Bd3 Be7 8. O-O O-O 9. Qe2 d6 10. a3 h6 11. Bh4 Re8 12. e4 e5 13. dxe5 Nxe5 14. Nxe5 dxe5 15. Rfd1 Qc7 16. Ba6 Bxa6 17.
Qxa6 Nh7 18. Bg3 Ng5 19. f3 Ne6 20. Nc4 Bf6 21. a4 Red8 22. a5 Rxd1+ 23. Rxd1 bxa5 24. Qxa5 Qxa5 25. Nxa5 Rb8 26. Nc4 Rb7 27. Kf1 Kf8 28. Ke2 Nf4+ 29. Bxf4 exf4 30. Rd6 Be7 31. Rc6 Ke8 32.
e5 Kd7 33. Ra6 Bd8 34. Kd3 Bb6 35. Ke4 g5 36. Kf5 Kc6 37. Na5+ Kb5 38. Nxb7 Kxa6 39. Nd6 Ka5 40. b3 Bc7 41. Nxf7 c4 42. b4+ Ka4 43. e6 1-0